 Dungeon Crawl Stone Soup version 0.21-a0-91-ga5031da (webtiles) character file.

43073 Ijustatesigmund the Warrior (level 14, -1/169 HPs)
             Began as an Ogre Fighter on June 30, 2017.
             Was a High Priest of Okawaru.
             Slain by a harpy (12 damage)
             ... summoned by Kirke
             ... on level 12 of the Dungeon.
             The game lasted 00:58:47 (18275 turns).

Ijustatesigmund the Warrior (Ogre Fighter)         Turns: 18275, Time: 00:58:48

Health: -1/169     AC:  0    Str: 23    XL:     14   Next: 22%
Magic:  16/18      EV: 20    Int:  9    God:    Okawaru [*****.]
Gold:   1489       SH:  0    Dex: 12    Spells: 11/13 levels left

rFire    . . .     SeeInvis .     - Unarmed
rCold    . . .     Gourm    .   (shield currently unavailable)
rNeg     . . .     Faith    .   (armour currently unavailable)
rPois    .         Spirit   .   (helmet currently unavailable)
rElec    .         Reflect  .   (cloak currently unavailable)
rCorr    .         Harm     .   (gloves unavailable)
MR       +....                  (boots unavailable)
Stlth    +++.......             l - amulet of regeneration
HPRegen  0.78/turn              (ring currently unavailable)
MPRegen  0.16/turn              (ring currently unavailable)

@: pig-form, heroism, slowed
A: unfitting armour, low mp 1
a: Heroism, Finesse, Renounce Religion


You were on level 12 of the Dungeon.
You worshipped Okawaru.
Okawaru was extremely pleased with you.
You were not hungry.
You were a filthy swine.
You visited 4 branches of the dungeon, and saw 17 of its levels.

You collected 1601 gold pieces.
You spent 112 gold pieces at shops.

Inventory:

Hand Weapons
 a - a +1 flail of protection
 v - a +0 giant spiked club
 M - a +3 morningstar (melded)
Missiles
 E - 31 tomahawks (quivered)
Armour
 b - a +2 robe of fire resistance
 c - a +0 shield (melded)
 m - the +0 pearl dragon scales of the Locust (melded) {rF++ rN+ Regen+}
   (You acquired it on level 1 of the Lair of Beasts)

   It greatly protects you from fire.
   It protects you from negative energy.
   It increases your rate of regeneration.
 S - a +1 troll leather armour
Jewellery
 j - an uncursed ring of positive energy
 k - the ring of Morality (melded) {Str+5 Dex+2}
   (You found it on level 10 of the Dungeon)

   [ring of strength]

   It affects your strength (+5).
   It affects your dexterity (+2).
 l - an amulet of regeneration (around neck)
 r - an uncursed ring of positive energy
 w - a +5 ring of evasion (melded)
 K - an uncursed ring of see invisible
 L - an uncursed ring of resist corrosion
Wands
 n - a wand of iceblast (9/15)
 u - a wand of confusion (14/48)
 x - a wand of lightning (0/15)
 y - a wand of digging (0/24)
 T - a wand of digging (14/24)
Scrolls
 d - 5 scrolls of amnesia
 h - 2 scrolls of enchant weapon
 p - a scroll of holy word
 q - 2 scrolls of identify
 t - 7 scrolls of remove curse
 F - a scroll of recharging
 H - 2 scrolls of fog
Potions
 g - 3 potions of lignification
 i - 2 potions of brilliance
 s - 5 potions of flight
 z - 2 potions of curing
 A - 2 potions of resistance
 C - a potion of cancellation
 I - a potion of agility
 P - a potion of ambrosia
Books
 D - a book of Transfigurations

   Spells                             Type                      Level
   a - Irradiate                      Conjuration/Transmutation    5
   b - Statue Form                    Transmutation/Earth          6
   c - Hydra Form                     Transmutation                6
   d - Dragon Form                    Transmutation                7
 N - a book of Party Tricks

   Spells                             Type                      Level
   a - Summon Butterflies             Summoning                    1
   b - Apportation                    Translocation                1
   c - Lesser Beckoning               Translocation                3
   d - Tukima's Dance                 Hexes                        3
   e - Alistair's Intoxication        Transmutation/Poison         5
   f - Invisibility                   Hexes                        6
Comestibles
 f - 7 bread rations
 o - 9 meat rations
 B - 6 fruits
 G - a chunk of flesh
 J - 11 royal jellies


   Skills:
 + Level 18.0(23.0) Fighting
 + Level 13.3(18.3) Maces & Flails
 + Level 6.0(11.0) Armour
 - Level 5.2(10.2) Dodging
 - Level 5.2(10.2) Shields
 + Level 9.1 Invocations


You had 11 spell levels left.
You knew the following spells:

 Your Spells              Type           Power        Failure   Level  Hunger
a - Magic Dart            Conj           #...         38%         1    ##.....
b - Apportation           Tloc           #.....       38%         1    ##.....


Dungeon Overview and Level Annotations

Branches:
Dungeon (12/15)            Temple (1/1) D:7            Lair (2/6) D:9
    Orc (2/2) D:9             Elf (0/3) Orc:2
  Swamp: Lair:2-4    Shoals: Lair:2-4     Snake: Lair:2-4    Spider: Lair:2-4

Altars:
Ashenzari
Cheibriados
Dithmenos
Elyvilon
Fedhas
Gozag
Hepliaklqana
Kikubaaqudgha
Makhleb
Nemelex Xobeh
Okawaru
Qazlal
Ru
Sif Muna
Trog
Uskayaw
Vehumet
Wu Jian
Xom
Yredelemnul
Zin
The Shining One
Beogh

Shops:
D:7 %   D:8 (   Orc:2 *(([

Annotations:
D:12 Kirke


Innate Abilities, Weirdness & Mutations

You are too large for most types of armour.
((You have tough skin. (AC +1)))
((You are partially covered in icy blue scales. (AC +2)))
((You are partially covered in yellow scales. (AC +2)))
Your magical capacity is low. (-10% MP)


Message History

* * * LOW HITPOINT WARNING * * *
The hog barely misses you.
You feel much better. The harpy misses you. The harpy barely misses you.
The harpy claws you!
* * * LOW HITPOINT WARNING * * *
The harpy misses you. The sphinx misses you. The sphinx hits you!
* * * LOW HITPOINT WARNING * * *
The sphinx hits you.
* * * LOW HITPOINT WARNING * * *
The hog barely misses you. Something barely misses you. The hog bites you.
* * * LOW HITPOINT WARNING * * *
The sphinx hits you.
* * * LOW HITPOINT WARNING * * *
The sphinx misses you. The sphinx hits you!
* * * LOW HITPOINT WARNING * * *
The hog completely misses you. Something hits you.
* * * LOW HITPOINT WARNING * * *
The hog misses you.
You feel better. The harpy claws you!
You die...

..####.### #..........
#......≈≈≈≈ #.....≈.≈.≈
#.≈.≈≈≈≈≈≈≈ ##≈.≈≈...≈≈.
#≈≈Hh≈...≈.. #≈hH≈≈≈...∩
#Hh{†.≈≈... ... #.#
#.≈†.≈≈≈≈≈≈ ≈.. #.#
#...≈...... ... ...##.#
#..##..##.# ...# ...##.#
#..##.....# #..# #..##.#
#..##..######..# ##..##.#
#..##..........#
#...##.######..##....../...#


You could see a sphinx, 2 harpies and 2 hogs.

Vanquished Creatures
  The ghost of Kenran the Earth Mage, a journeyman DEEE of Sif Muna (Orc:2)
  Nessos (D:12)
  2 hydras
  Erolcha (D:12)
  Harold (D:10)
  Erica (Lair:1)
  3 two-headed ogres (D:11)
  Nergalle (D:10)
  3 skeletal warriors (D:12)
  An unseen horror (D:11)
  The ghost of Ijustatesigmund the Cudgeler, a novice NaFi (D:6)
  Pikel (D:7)
  8 orc knights (Orc:2)
  2 manticores (D:11)
  2 ugly things (D:11)
  3 orc sorcerers
  A cyclops (Orc:2)
  6 spiny frogs
  Psyche (D:9)
  2 gargoyles
  A centaur skeleton (D:11)
  The ghost of Ijustatesigmund the Skirmisher, an amateur OgFi (D:4)
  3 komodo dragons (Lair:2)
  4 trolls
  2 polar bears (D:12)
  5 blink frogs (Lair:2)
  A hornet (D:8)
  2 hippogriffs
  2 shadows
  A hog (D:12)
  2 wyverns (D:10)
  18 yaks
  A steam dragon (D:10)
  3 hungry ghosts
  13 wargs
  2 soldier ants (D:8)
  The ghost of Duffy the Chopper, an amateur VSFi of Cheibriados (D:3)
  4 water moccasins
  48 orc warriors
  7 porcupines
  A phantom (D:6)
  9 sky beasts
  A black bear (D:11)
  4 ice beasts
  3 slaves
  3 necrophages
  8 ogres
  3 centaurs
  2 wolves (D:12)
  A crocodile (Lair:1)
  2 big kobolds
  13 bullfrogs
  A gnoll sergeant (D:9)
  A wyvern skeleton (D:7)
  4 scorpions
  11 killer bees
  12 wights
  A howler monkey (D:11)
  5 electric eels
  4 crimson imps
  A bullfrog zombie (D:5)
  A centaur zombie (D:5)
  A jelly (D:10)
  13 orc priests
  A bullfrog skeleton (D:6)
  4 hounds
  25 orc wizards
  Jessica (D:2)
  3 iguanas
  8 worker ants
  2 centaur simulacra (D:12)
  A hound zombie (D:7)
  A hound skeleton (D:7)
  2 howler monkey zombies
  A worker ant zombie (D:9)
  5 gnolls (D:9)
  15 adders
  5 shadow imps
  An ufetubus (D:12)
  An ooze (D:2)
  2 adder skeletons
  2 worms (D:3)
  A dart slug (D:2)
  2 leopard geckos
  105 orcs
  4 bats
  10 giant cockroaches
  6 goblins
  6 hobgoblins
  4 jackals (D:3)
  12 kobolds
  5 quokkas
  2 ball pythons
  4 frilled lizards
  A leopard gecko skeleton (D:4)
  9 rats
519 creatures vanquished.

Vanquished Creatures (collateral kills)
  An orc warrior (Orc:2)
  An orc priest (D:9)
  4 orcs (D:9)
6 creatures vanquished.

Vanquished Creatures (others)
  3 orc warriors
  A howler monkey (D:7)
4 creatures vanquished.

Grand Total: 529 creatures vanquished

Notes
Turn   | Place    | Note
-------+----------+-------------------------------------------
     0 | D:1      | Ijustatesigmund the Ogre Fighter began the quest for the Orb.
     0 | D:1      | Reached XP level 1. HP: 24/24 MP: 1/1
   145 | D:1      | Reached XP level 2. HP: 31/33 MP: 2/2
   725 | D:2      | Found a stormy altar of Qazlal.
   725 | D:2      | Noticed Jessica
   737 | D:2      | Killed Jessica
   737 | D:2      | Reached XP level 3. HP: 33/41 MP: 3/3
   785 | D:2      | Reached skill level 5 in Fighting
   883 | D:2      | Reached XP level 4. HP: 41/50 MP: 4/4
  2247 | D:3      | Noticed Duffy's ghost (amateur VSFi)
  2405 | D:3      | Reached skill level 6 in Fighting
  2405 | D:3      | Reached XP level 5. HP: 59/59 MP: 5/5
  2574 | D:3      | Found a sparkling altar of Nemelex Xobeh.
  2940 | D:3      | Reached XP level 6. HP: 55/68 MP: 6/6
  2974 | D:3      | Reached skill level 7 in Fighting
  3782 | D:3      | Killed Duffy's ghost
  3829 | D:4      | Reached XP level 7. HP: 68/79 MP: 7/7
  3833 | D:4      | Reached skill level 8 in Fighting
  3866 | D:4      | Found a sparkling altar of Nemelex Xobeh.
  3884 | D:4      | Gained mutation: You are partially covered in icy blue scales. (AC +2) [potion of mutation]
  3884 | D:4      | Gained mutation: Your magical capacity is low. (-10% MP) [potion of mutation]
  3884 | D:4      | Gained mutation: You are partially covered in yellow scales. (AC +2) [potion of mutation]
  3917 | D:4      | Learned a level 1 spell: Magic Dart
  3980 | D:4      | Noticed Ijustatesigmund's ghost (amateur OgFi)
  4234 | D:4      | Killed Ijustatesigmund's ghost
  4234 | D:4      | Reached skill level 9 in Fighting
  4234 | D:4      | Reached skill level 5 in Maces & Flails
  4361 | D:4      | Found a shadowy altar of Dithmenos.
  4521 | D:5      | Entered Level 5 of the Dungeon
  4526 | D:5      | Reached XP level 8. HP: 92/92 MP: 7/7
  4983 | D:5      | Found a deep blue altar of Sif Muna.
  4983 | D:5      | Noticed a gargoyle
  5000 | D:5      | Killed a gargoyle
  5000 | D:5      | Reached skill level 10 in Fighting
  6006 | D:6      | Noticed Ijustatesigmund's ghost (novice NaFi)
  6074 | D:6      | Reached skill level 11 in Fighting
  6074 | D:6      | Reached XP level 9. HP: 99/105 MP: 8/8
  6336 | D:7      | Found a staircase to the Ecumenical Temple.
  6342 | D:7      | Found Jeqasah's Food Shop.
  6345 | Temple   | Entered the Ecumenical Temple
  6820 | D:7      | Noticed Pikel
  7074 | D:6      | Killed Ijustatesigmund's ghost
  7074 | D:6      | Reached skill level 12 in Fighting
  7221 | D:6      | Reached XP level 10. HP: 86/118 MP: 9/9
  7315 | D:6      | Reached skill level 13 in Fighting
  7715 | D:7      | Killed Pikel
  8634 | D:8      | Found Voxzial's Antique Weapon Shoppe.
  8736 | D:8      | Learned a level 1 spell: Apportation
  8838 | D:8      | Paralysed by a hornet for 2 turns
  8860 | D:8      | Reached skill level 14 in Fighting
  9157 | D:8      | You fall through a shaft for 3 floors!
  9170 | D:11     | Reached skill level 10 in Maces & Flails
  9406 | D:11     | Noticed a manticore
  9422 | D:11     | Killed a manticore
  9540 | D:11     | Noticed a green ugly thing
  9567 | D:11     | Killed a green ugly thing
  9668 | D:11     | Noticed a two-headed ogre
  9676 | D:11     | Killed a two-headed ogre
  9676 | D:11     | Reached XP level 11. HP: 57/131 MP: 9/9
  9876 | D:11     | Noticed a two-headed ogre
  9884 | D:11     | Killed a two-headed ogre
  9968 | D:10     | Entered Level 10 of the Dungeon
 10455 | D:10     | Reached skill level 5 in Shields
 10463 | D:10     | Reached skill level 5 in Dodging
 10619 | D:10     | Noticed Harold
 10645 | D:10     | Killed Harold
 10738 | D:10     | Reached skill level 15 in Fighting
 10779 | D:10     | Got a shimmering iron ring
 10781 | D:10     | Identified the ring of Morality {Str+5 Dex+2} (You found it on level 10 of the Dungeon)
 11029 | D:10     | Noticed Nergalle
 11060 | D:10     | Killed Nergalle
 11621 | D:8      | Found a basalt altar of Yredelemnul.
 11622 | D:8      | Found a radiant altar of Vehumet.
 11623 | D:8      | Found a shattered altar of Ashenzari.
 11624 | D:8      | Found an iron altar of Okawaru.
 11628 | D:8      | Became a worshipper of Warmaster Okawaru
 11826 | D:9      | Found a staircase to the Lair.
 11845 | D:8      | Reached skill level 1 in Invocations
 12139 | D:9      | Reached XP level 12. HP: 144/144 MP: 10/12
 12234 | D:9      | Found a roughly hewn altar of Beogh.
 12234 | D:9      | Found a staircase to the Orcish Mines.
 12435 | D:9      | Found an opulent altar of Gozag.
 12541 | D:9      | Noticed Psyche
 12548 | D:9      | Killed Psyche
 12548 | D:9      | Reached * piety under Okawaru
 12739 | Lair:1   | Entered Level 1 of the Lair of Beasts
 12745 | Lair:1   | Reached skill level 16 in Fighting
 12756 | Lair:1   | Noticed Erica
 12765 | Lair:1   | Killed Erica
 13327 | Lair:1   | Reached ** piety under Okawaru
 13405 | Lair:1   | Noticed a six-headed hydra
 13414 | Lair:1   | Killed a six-headed hydra
 13414 | Lair:1   | Reached skill level 1 in Armour
 13885 | Lair:2   | Reached skill level 5 in Invocations
 13991 | Lair:2   | Reached *** piety under Okawaru
 14272 | Lair:2   | Noticed a four-headed hydra
 14285 | Lair:2   | Killed a four-headed hydra
 14408 | Lair:2   | Reached XP level 13. HP: 44/154 MP: 12/15
 15098 | Lair:1   | Identified a scroll of acquirement
 15101 | Lair:1   | Got scorched pearl dragon scales
 15113 | Lair:1   | Identified the +0 pearl dragon scales of the Locust {rF++ rN+ Regen+} (You acquired it on level 1 of the Lair of Beasts)
 15134 | Orc:1    | Entered Level 1 of the Orcish Mines
 15155 | Orc:1    | Reached **** piety under Okawaru
 15437 | Orc:2    | Entered Level 2 of the Orcish Mines
 15470 | Orc:2    | Reached skill level 17 in Fighting
 15567 | Orc:2    | Found a staircase to the Elven Halls.
 16150 | Orc:2    | Noticed Kenran's ghost (journeyman DEEE)
 16176 | Orc:2    | Killed Kenran's ghost
 16520 | Orc:2    | Found Pekon's Armour Shop.
 16535 | Orc:2    | Reached ***** piety under Okawaru
 16604 | Orc:2    | Received a gift from Okawaru
 16651 | Orc:2    | Found Ixkeg's Weapon Emporium.
 16839 | Orc:2    | Reached skill level 5 in Armour
 16996 | Orc:2    | Found a roughly hewn altar of Beogh.
 17241 | Orc:2    | Found a roughly hewn altar of Beogh.
 17264 | Orc:2    | Found Taceugh's General Store.
 17264 | Orc:2    | Found Ricajuts's Antique Weapon Shop.
 17269 | Orc:2    | Bought a scroll of holy word for 112 gold pieces
 17542 | D:11     | Received a gift from Okawaru
 17864 | D:11     | Got an encrusted bardiche
 17870 | D:11     | Identified the +1 bardiche of Sin {pain, rC+} (You acquired it on level 11 of the Dungeon)
 17900 | D:11     | Reached XP level 14. HP: 154/167 MP: 18/18
 18033 | D:12     | Noticed Nessos
 18061 | D:12     | Killed Nessos
 18079 | D:12     | Noticed Erolcha
 18112 | D:12     | Killed Erolcha
 18250 | D:12     | Noticed Kirke
 18254 | D:12     | Reached skill level 18 in Fighting
 18257 | D:12     | Noticed a sphinx
 18260 | D:12     | Paralysed by a sphinx for 3 turns
 18267 | D:12     | Paralysed by a sphinx for 2 turns
 18274 | D:12     | HP: 5/169 [sphinx[Kirke] (10)]
 18275 | D:12     | Slain by a harpy

Vault maps used:
D:1:      mrwooster_arrival_statue_3
D:2:      nicolae_overflow_crystal_walls, uniq_jessica
D:3:      kennysheep_six_static_rooms, minmay_misc_feat_tiny, glass_columns_b,
          minmay_misc_feat_chi, nemelex_diamond_rough_becter
D:4:      lemuel_crystal_altar, nicolae_overflow_hidden_temple, first_bread,
          minivault_24
D:5:      overflow_temple_1_default
D:7:      temple_fountains, serial_shops, nicolae_shop_waterfront,
          serial_co_window_serial, co_window_paths_a, co_window_corner_a,
          co_window_paths_a, co_window_paths_b, co_window_paths_a,
          co_window_corner_b, co_window_of_opportunity_c,
          co_window_of_opportunity_c, co_window_unsneaky_path_c,
          co_window_paths_d, co_window_4corner_b, glass_columns_a,
          glass_columns_a, glass_columns_c, glass_columns_a, glass_columns_b,
          uniq_pikel
D:8:      minitemple, serial_shops, shop, hangedman_pestilent_swarm
D:9:      lemuel_doored_altar, erik_lair_orcish_takeover, david_orc_5,
          uniq_psyche
D:10:     uniq_nergalle, uniq_harold
D:11:     st_stairs_13, kennysheep_generic_room_4
D:12:     serial_ice, serial_ice_j, serial_ice_m, serial_ice_a, serial_ice_h,
          serial_ice_n, serial_ice_g, serial_ice_o, uniq_nessos, uniq_erolcha,
          uniq_fannar, uniq_kirke
Temple:   nicolae_temple_figure_eight
Lair:1:   serial_bayou_lagoon_a, grunt_megastairs_5, serial_bayou_shore_a,
          uniq_erica
Orc:2:    st_orc_town, basic_altar, nooodl_orcs_dogs

Skill      XL: |  1  2  3  4  5  6  7  8  9 10 11 12 13 14 |
---------------+-------------------------------------------+-----
Maces & Flails | 2 3 4 5 7 9 10 11 12 13 | 13.3
Fighting       | 5 6 7 9 11 12 14 15 16 17 18 | 18.0
Dodging        | 4 5 |  5.2
Shields        | 4 5 |  5.2
Invocations    | 1 6 8 9 |  9.1
Armour         | 3 5 6 |  6.0

Action                   |  1- 3 |  4- 6 |  7- 9 | 10-12 | 13-15 || total
-------------------------+-------+-------+-------+-------+-------++-------
Melee: Flail             |    75 |   210 |   311 |       |       ||   596
       Morningstar       |       |       |    34 |   810 |   654 ||  1498
Throw: Tomahawk          |       |       |       |    10 |     3 ||    13
Invok: Heroism           |       |       |       |     3 |    11 ||    14
       Finesse           |       |       |       |       |     1 ||     1
Evoke: Wand              |       |       |     9 |    18 |    13 ||    40
  Use: Scroll            |     1 |     9 |     5 |     7 |     4 ||    26
       Potion            |       |     4 |     3 |     7 |     6 ||    20
 Stab: Distracted        |       |     1 |       |       |       ||     1
       Confused          |       |       |     3 |       |       ||     3
       Sleeping          |       |       |       |     3 |       ||     3
  Eat: Chunk             |       |     5 |     9 |    19 |    14 ||    47
       Bread ration      |       |     1 |       |       |       ||     1
       Royal jelly       |       |       |     1 |     4 |       ||     5
       Fruit             |       |       |       |       |     1 ||     1
Armor: Robe              |    17 |    88 |   135 |   104 |       ||   344
       Skin              |       |    16 |     3 |       |       ||    19
       Troll leather arm |       |       |       |    59 |     2 ||    61
       Pearl dragon scal |       |       |       |       |   172 ||   172
Dodge: Dodged            |    27 |   105 |   118 |   521 |   346 ||  1117
Block: Shield            |    31 |    99 |   133 |   428 |   315 ||  1006
